 Dungeon Crawl Stone Soup version 0.29.1-15-g9cfb28693d (webtiles) character file.

Game seed: 8676855552174000193

3 sentinel the Digger (level 1, -3/14 HPs)
             Began as a Meteoran Earth Elementalist on Aug 20, 2023.
             Killed from afar by Natasha (11 damage)
             ... with a magic dart
             ... on level 2 of the Dungeon.
             The game lasted 00:00:25 (70 turns).

sentinel the Digger (Meteoran Earth Elementalist)     Turns: 70, Time: 00:00:25

Health: -3/14      AC:  2    Str:  9    XL:     1   Next: 71%
Magic:  0/5        EV: 12    Int: 16    God:
Gold:   0          SH:  0    Dex: 14    Spells: 4/5 levels left

rFire   + . .      SeeInvis .   (no weapon)
rCold   . . .      Faith    .   (no shield)
rNeg    . . .      Spirit   .   a - +0 robe
rPois   .          Reflect  .   (no helmet)
rElec   .          Harm     .   (no cloak)
rCorr   .          Rampage  .   (no gloves)
Will    .....                   (no boots)
Stlth   +.........              (no amulet)
HPRegen 0.04/turn               f - ring of protection from fire
MPRegen 0.09/turn               (no ring)

@: glowing
A: sense surroundings 1, otherworldly, glowing, explore regen
a: no special abilities


You were on level 2 of the Dungeon.
You visited 1 branch of the dungeon, and saw 2 of its levels.

Inventory:

Armour
 a - a +0 robe (worn)
Jewellery
 f - a ring of protection from fire (left hand)
Scrolls
 c - a scroll of vulnerability {unknown}
Potions
 b - a potion of magic


   Skills:
 - Level 2.4 Dodging
 - Level 1.4 Stealth
 - Level 2.6 Spellcasting
 - Level 1.2 Transmutations
 + Level 3.9 Earth Magic


You had 4 spell levels left.
You knew the following spells:

 Your Spells              Type           Power      Damage    Failure   Level
a - Sandblast             Erth           28%        2d8       3%          1

Your spell library contained the following spells:

 Spells                   Type           Power      Damage    Failure   Level
 Passwall                 Tmut/Erth      8%         N/A       10%         2
 Sting                    Tmut/Pois      16%        1d3       16%         1
 Stone Arrow              Conj/Erth      16%        3d8       26%         3
 Poisonous Vapours        Pois/Air       4%         N/A       28%         2
 Petrify                  Tmut/Erth      10%        N/A       54%         4
 Olgreb's Toxic Radiance  Pois           2%         N/A       88%         4


Dungeon Overview and Level Annotations

Branches:
Dungeon (2/15) Zot: 1124

Altars:

Annotations:
D:2 Natasha


Innate Abilities, Weirdness & Mutations

You passively map a small area around you.
You are easily found by Zot.
You glow in the dark.
You regain HP and MP as you explore.


Message History

Welcome, sentinel the Meteoran Earth Elementalist.
Below lies the Orb of Zot, rumoured to be powerful enough to resurrect a god...
Press ? for a list of commands and other information.
Found a coral ring.
Found an escape hatch in the floor.
Found a staircase leading out of the dungeon.
A ball python comes into view.
You see here a ring of protection from fire.
f - a ring of protection from fire The ball python hisses angrily.
What are your orders? t - Shout!
Orders for allies: a - Attack new target. r - Retreat! s - Stop attacking. g - Guard the area. f - Follow me.
Anything else - Cancel.
You shout for attention!
The blast of sand hits the ball python!
You kill the ball python!
f - a ring of protection from fire (left hand)
There is an escape hatch in the floor here.
You slide downwards.
The hatch slams shut behind you.
Found 6 stones.
Casting: Sandblast (safe; 4% risk of failure)
Confirm with . or Enter, or press ? or * to list all spells.
You don't know that spell.
A giant cockroach comes into view.
Found 5 stones and a scroll labelled OFRONU GYOSUSSI.
A giant cockroach is nearby!
A giant cockroach is nearby!
A goblin comes into view. It is wielding a +0 dagger.
The goblin shouts!
The blast of sand hits the giant cockroach!
You kill the giant cockroach!
The blast of sand hits the goblin!
You kill the goblin!
You can't see any susceptible monsters within range! (Use Z to cast anyway.)
You can't see any susceptible monsters within range! (Use Z to cast anyway.)
Found 12 gold pieces.
c - a scroll labelled OFRONU GYOSUSSI
Found a Young Poisoner's Handbook.
Found a stone staircase leading up.
You pick up a Young Poisoner's Handbook and begin reading...
You add the spells Sting, Poisonous Vapours and Olgreb's Toxic Radiance to your library.
Natasha, Servant of Life and Death comes into view.
Natasha hisses angrily.
A hobgoblin comes into view.
The blast of sand misses Natasha.
The hobgoblin shouts!
The blast of sand hits Natasha.
Natasha is lightly wounded.
Natasha closely misses you.
The blast of sand misses Natasha.
The blast of sand hits the hobgoblin but does no damage.
Natasha claws you.
The blast of sand misses Natasha.
The blast of sand misses the hobgoblin.
Natasha claws you. Natasha closely misses you.
The blast of sand hits Natasha.
Natasha is moderately wounded.
Natasha closely misses you.
The blast of sand misses Natasha.
Natasha mewls in sadness.
Natasha misses you. The hobgoblin hits you. Natasha closely misses you.
The hobgoblin hits you. Natasha attacks as you move away!
Natasha closely misses you.
Found a scroll labelled MIKHLU XAOMN.
The hobgoblin barely misses you.
Casting: Sandblast (safe; 3% risk of failure)
Confirm with . or Enter, or press ? or * to list all spells.
Aiming: Sandblast (safe; 3% risk of failure)
Press: ? - help, Shift-Dir - straight line, f/p - Natasha
Aim: Natasha (moderately wounded, 77% to hit)
The blast of sand hits Natasha!
Natasha is severely wounded.
Natasha barely misses you. The hobgoblin barely misses you.
Natasha casts a spell at you. The magic dart hits you!
Ouch! That really hurt!
You die...

..................#
,............#....####
*
....................#*
..*#..####...##.......
,
...##.......####......
, ,
.....#.......#?.....##,
.........####...#....#
,
.........h...........#*
* *
........@g..####.....#
........#...# .##### *
......#.###.<#* ,.
......#.# #...# *#,
,......... ...., ....
.. ##..,, #* *..# #. *
.. , * , , , *


You could see Natasha and a hobgoblin.

Vanquished Creatures
  A ball python (D:1)
  A giant cockroach (D:2)
  A goblin (D:2)
3 creatures vanquished.

Notes
Turn   | Place    | Note
-------+----------+-------------------------------------------
     0 | D:1      | sentinel the Meteoran Earth Elementalist began the quest
                  | for the Orb.
     0 | D:1      | Reached XP level 1. HP: 14/14 MP: 5/5
    61 | D:2      | Noticed Natasha
    70 | D:2      | Killed from afar by Natasha

Illustrated notes

Levels and vault maps discovered:
D:1:      dpeg_arrival_tiny_a, layout_loops_ring
D:2:      layout_rooms, nicolae_ecumenical_lake_church, minmay_tetromino_l4,
          uniq_natasha

Action                   || total
-------------------------++-------
 Cast: Sandblast         ||    10
Dodge: Dodged            ||     9
